cohdb
Replays
Latest Replays
All Replays
Popular Replays
Top Player Replays
Match Explorer
How It Works
Community
CoH3 Stats
Reddit
Sign in to upload your games and track your stats! →
Sign in with Steam
Match 25715671
Unlisted
Match 25715671
Overview
Messages
Build Orders
End
Kradschützen Motorcycle Team
Panzerpioneer Squad
Panzerpioneer Squad
Construct Light Support Kompanie
MG34 Team
Construct Mechanized Kompanie
Vehicle Survival Package
Selects Battlefield Espionage Battlegroup
Selects Intel Disruption Beacon
8 Rad Armored Car
Panzerjäger Mechanized Group
Support Armor Elements
254 Reconnaissance Tractor
Selects Transfer Depots
Fire Support Elements
Flakvierling Half-track
Combat Half-tracks
2.5-tonne Medical Truck
254 Reconnaissance Tractor
Emergency Repair Kits
Pak 38 Mechanized Group
Selects 250/3 Funkpanzerwagen
Selects Anti-Tank Incendiary Munitions
Ruby
Mahi Mahi
ClaudiaEnfield(engine fire left)
TidaL
ChuaMC
Toast
0
0
Comments
sign in to comment!
No comments posted yet!